 Dungeon Crawl Stone Soup version 0.28.0-45-g0d030f2227 (webtiles) character file.

Game seed: 10326975514862411616

51326 Zeld the Arsonist (level 14, 0/119 HPs)
             Began as a Red Draconian Conjurer on Apr 18, 2022.
             Was a High Priest of Vehumet.
             Slain by a blink frog (14 damage)
             ... on level 6 of the Lair of Beasts.
             The game lasted 00:35:05 (35268 turns).

Zeld the Arsonist (Red Draconian Conjurer)         Turns: 35268, Time: 00:35:06

Health: 0/119      AC: 12    Str:  9    XL:     14   Next: 23%
Magic:  8/26       EV: 13    Int: 25    God:    Vehumet [*****.]
Gold:   681        SH:  5    Dex:  9    Spells: 19/30 levels left

rFire   + . .      SeeInvis +   a - +5 broad axe "Ytallec" {spect, rElec rCorr}
rCold   . . .      Faith    .   (no shield)
rNeg    . . .      Spirit   .   (armour unavailable)
rPois   .          Reflect  +   h - +1 hat
rElec   +          Harm     .   D - +0 cloak
rCorr   +          Rampage  .   s - +0 pair of gloves
Will    +....                   z - +0 pair of boots
Stlth   +++.......              n - amulet of reflection
HPRegen 0.29/turn               i - ring of see invisible
MPRegen 0.20/turn               J - ring of wizardry

@: no status effects
A: breathe fire, AC +8, unfitting armour, fire resistance 1, cold-blooded
a: Breathe Fire, Renounce Religion


You were on level 6 of the Lair of Beasts.
You worshipped Vehumet.
Vehumet was extremely pleased with you.
You visited 3 branches of the dungeon, and saw 21 of its levels.
You also visited: Ossuary.

You collected 1903 gold pieces.
You spent 1222 gold pieces at shops.

Inventory:

Hand Weapons
 a - the +5 broad axe "Ytallec" (weapon) {spect, rElec rCorr}
   (You acquired it on level 11 of the Dungeon)

   When its wielder attacks, the weapon's spirit leaps out and strikes again.
   The spirit shares a part of any damage it takes with its wielder.
   rElec:     It insulates you from electricity.
   rCorr:     It protects you from acid and corrosion.
Armour
 h - a +1 hat (worn)
 s - a +0 pair of gloves (worn)
 z - a +0 pair of boots (worn)
 D - a +0 cloak (worn)
Jewellery
 i - a ring of see invisible (left hand)
 n - an amulet of reflection (around neck)
 A - a ring of flight
 J - a ring of wizardry (right hand)
Wands
 p - a wand of iceblast (31)
 r - a wand of flame (43)
 B - a wand of charming (10)
 H - a wand of polymorph (6)
Scrolls
 b - 3 scrolls of enchant weapon
 c - a scroll of blinking
 e - a scroll of identify
 f - a scroll of brand weapon
 j - 3 scrolls of amnesia
 k - 9 scrolls of teleportation
 m - 2 scrolls of enchant armour
 u - a scroll of holy word
 y - 4 scrolls of summoning
 E - 3 scrolls of magic mapping
 I - a scroll of fear
Potions
 d - 3 potions of invisibility
 g - 4 potions of might
 l - 2 potions of magic
 o - 4 potions of heal wounds
 q - 5 potions of berserk rage
 t - 2 potions of ambrosia
 v - 7 potions of curing
 x - 4 potions of cancellation
 C - 2 potions of flight


   Skills:
 + Level 9.9 Fighting
 * Level 8.7 Axes
 - Level 6.0 Dodging
 - Level 6.0 Stealth
 + Level 8.6 Spellcasting
 - Level 12.0 Conjurations
 - Level 2.0 Hexes
 - Level 2.0 Translocations
 * Level 14.1 Fire Magic
 + Level 7.5 Evocations


You had 19 spell levels left.
You knew the following spells:

 Your Spells              Type           Power      Damage    Failure   Level
a - Magic Dart            Conj           100%       1d8       1%          1
b - Searing Ray           Conj           100%       2d8       1%          2
c - Fulminant Prism       Conj/Hex       22%        3d13      1%          4
d - Iskenderun's Mystic   Conj/Tloc      45%        2d10      1%          4

Your spell library contained the following spells:

 Spells                   Type           Power      Damage    Failure   Level
 Conjure Ball Lightning   Conj/Air       20%        3x3d6     9%          6
 Shock                    Conj/Air       100%       1d9       1%          1
 Blink                    Tloc           40%        N/A       1%          2
 Dazzling Flash           Conj/Hex       90%        N/A       1%          3
 Ensorcelled Hibernation  Hex/Ice        30%        N/A       2%          2
 Passwall                 Tmut/Erth      8%         N/A       3%          2
 Lesser Beckoning         Tloc           20%        N/A       3%          3
 Tukima's Dance           Hex            20%        N/A       3%          3
 Summon Guardian Golem    Hex/Summ       15%        N/A       4%          3
 Orb of Destruction       Conj           31%        9d10      4%          7
 Swiftness                Air            10%        N/A       7%          3
 Airstrike                Air            5%         N/A       7%          4
 Anguish                  Hex/Necr       7%         N/A       16%         4
 Manifold Assault         Tloc           20%        N/A       26%         5
 Spellforged Servitor     Conj/Summ      20%        N/A       36%         7
 Enfeeble                 Hex            10%        N/A       100%        7


Dungeon Overview and Level Annotations

Branches:
Dungeon (14/15)            Temple (1/1) D:5            Lair (6/6) D:8
 Shoals (0/4) Lair:2        Snake (0/4) Lair:4        Slime (0/5) Lair:6
    Orc (0/2) D:12        Ossuary (visited)
 Vaults: D:13-14

Altars:
Ashenzari
Cheibriados
Dithmenos
Elyvilon
Fedhas
Gozag
Hepliaklqana
Kikubaaqudgha
Makhleb
Nemelex Xobeh
Okawaru
Qazlal
Ru
Sif Muna
Trog
Uskayaw
Vehumet
Wu Jian
Xom
Yredelemnul
Zin
The Shining One
Beogh

Shops:
D:1 (   D:2 =   D:4 ?   D:7 :::*:   D:9 (   D:12 **=

Annotations:
D:10 Urug
Lair:3 2 transporters, Feulaj's ghost, journeyman MiBe


Innate Abilities, Weirdness & Mutations

You can breathe blasts of fire.
Your fiery red scales are hard. (AC +8)
You cannot fit into any form of body armour.
Your flesh is heat resistant. (rF+)
You are cold-blooded and may be slowed by cold attacks.


Message History

You kill the blink frog!
Vehumet accepts your kill.
You feel your power returning.
The mystic blast hits the cane toad!
The cane toad is almost dead.
The cane toad is knocked back by the mystic blast.
The cane toad slams into the rock wall!
You kill the cane toad!
Vehumet accepts your kill.
You feel your power returning.
Casting: Iskenderun's Mystic Blast (safe; 1% risk of failure)
Confirm with . or Enter, or press ? or * to list all spells.
You can't see any susceptible monsters within range! (Use Z to cast anyway.) Unknown command.
Casting: Iskenderun's Mystic Blast (safe; 1% risk of failure)
Confirm with . or Enter, or press ? or * to list all spells.
You can't see any susceptible monsters within range! (Use Z to cast anyway.)
You start resting.
A blink frog is nearby!
A blink frog is nearby!
A blink frog is nearby!
There is a stone staircase leading up, spattered with blood here.
Casting: Iskenderun's Mystic Blast (safe; 1% risk of failure)
Confirm with . or Enter, or press ? or * to list all spells.
You erupt in a blast of force!
The mystic blast hits the blink frog!
The blink frog is severely wounded.
The blink frog is knocked back by the mystic blast.
Unknown command.
Casting: Iskenderun's Mystic Blast (safe; 1% risk of failure)
Confirm with . or Enter, or press ? or * to list all spells.
Aiming: Searing Ray (safe; 1% risk of failure)
Press: ? - help, Shift-Dir - straight line, f - blink frog
Aim: a blink frog (severely wounded, 70% to hit)
The searing ray hits the blink frog!
The blink frog is almost dead. (Press . to maintain the ray.) Unknown command.
The searing ray misses the blink frog.
The blink frog hits you!
* * * LOW HITPOINT WARNING * * *
The blink frog hits you!
You die...

#...≈.≈≈≈≈≈≈≈≈≈≈≈≈≈#≈≈≈≈≈≈≈.
##...≈≈≈≈≈≈≈†≈≈.####≈≈≈≈≈≈≈≈
##...#.≈≈≈≈≈≈≈≈≈≈≈P###≈≈≈≈≈P≈
.##...#....≈≈≈≈≈≈≈≈≈≈≈###≈≈≈≈≈≈
.........≈..F≈≈≈≈≈†≈≈≈#≈≈≈≈≈≈≈≈
.........≈....≈≈F≈≈≈≈≈≈≈≈≈≈≈..≈
......##.†###.≈.≈..≈≈≈≈≈≈......
.......#....#####..≈....≈....≈≈
........#....F@.####≈.≈........
...............................
......#........................
......###.........###..........
..... #.......#####..........
..... #####..## #............
.... #### #####........ #...
#.......... ##.........


You could see a blink frog.

Vanquished Creatures
  4 hydras
  2 catoblepae
  A centaur warrior (D:8)
  5 two-headed ogres
  5 death yaks
  Sonja (Lair:4)
  A deep elf pyromancer (D:12)
  4 cyclopes
  A merfolk siren (Lair:2)
  11 elephants
  3 black mambas
  2 gargoyles
  10 komodo dragons
  23 cane toads
  Psyche (D:10)
  2 rime drakes
  3 trolls
  A merfolk (Lair:2)
  2 polar bears (Lair:5)
  2 tyrant leeches (Lair:6)
  Grinder (D:6)
  23 blink frogs
  7 dream sheep (Lair:5)
  A shadow (D:10)
  2 wyverns
  2 basilisks
  2 wraiths
  41 yaks
  3 steam dragons
  5 vampire mosquitoes
  Edmund (D:6)
  An acid dragon (D:12)
  3 nagas (Lair:4)
  10 water moccasins
  Duvessa (D:7)
  9 orc warriors
  2 hornet zombies (D:8)
  A black bear (Lair:2)
  2 ogres
  9 wolves
  9 centaurs
  2 kobold brigands
  2 gnoll sergeants
  15 bullfrogs
  2 scorpions
  4 water moccasin zombies (Ossuary)
  Dowan (D:7)
  10 wights
  3 centaur zombies
  2 jellies
  A gnoll shaman (D:7)
  9 orc priests
  6 hounds
  4 iguanas
  8 orc wizards
  7 hell rats (Lair:4)
  2 mummies (Ossuary)
  Robin (D:4)
  10 adders
  29 gnolls
  2 shadow imps
  3 white imps
  4 adder zombies (Ossuary)
  An adder skeleton (D:4)
  3 worms
  3 dart slugs
  42 orcs
  5 ball pythons
  5 endoplasms
  2 giant cockroaches (D:1)
  5 gnoll zombies (Ossuary)
  15 goblins
  9 hobgoblins
  6 jackals
  18 kobolds
  5 quokkas
  5 bats
  2 frilled lizards (D:1)
  4 hobgoblin zombies (Ossuary)
  4 kobold zombies (Ossuary)
  8 orc zombies (Ossuary)
  7 rats
495 creatures vanquished.

Vanquished Creatures (others)
  An orc wizard (D:7)
  A bush (Lair:1)
  10 fulminant prisms
  51 fungi
  127 plants
  2 toadstools (D:2)
192 creatures vanquished.

Grand Total: 687 creatures vanquished

Notes
Turn   | Place    | Note
-------+----------+-------------------------------------------
     0 | D:1      | Zeld the Draconian Conjurer began the quest for the Orb.
     0 | D:1      | Reached XP level 1. HP: 14/14 MP: 3/3
   159 | D:1      | Reached XP level 2. HP: 13/22 MP: 0/5
   162 | D:1      | Learned a level 2 spell: Searing Ray
   702 | D:1      | Found Ipleno Tise's Weapon Shop.
   826 | D:1      | Reached skill level 1 in Fighting
  1284 | D:2      | Reached XP level 3. HP: 28/28 MP: 4/6
  1610 | D:2      | Found Urublaj's Jewellery Shop.
  1850 | D:2      | Found a faded altar of an unknown god.
  2086 | D:2      | Reached XP level 4. HP: 35/35 MP: 5/7
  2203 | D:2      | Noticed an ogre
  2207 | D:2      | Killed an ogre
  2208 | D:2      | Reached XP level 5. HP: 41/41 MP: 2/9
  2212 | D:2      | Reached skill level 5 in Conjurations
  2826 | D:2      | Bought a ring of see invisible for 165 gold pieces
  3874 | D:3      | Reached XP level 6. HP: 43/50 MP: 6/10
  3882 | D:3      | Learned a level 4 spell: Fulminant Prism
  3887 | D:3      | Learned a level 4 spell: Iskenderun's Mystic Blast
  4077 | D:3      | Found a bloodstained altar of Trog.
  4089 | D:3      | Found a shimmering blue altar of Sif Muna.
  4099 | D:3      | Got Sif Muna's Collected Works on Weightlessness
  4385 | D:4      | Found Otarhae's Magic Scroll Emporium.
  4397 | D:4      | Bought a scroll of identify for 22 gold pieces
  4397 | D:4      | Bought a scroll of enchant armour for 82 gold pieces
  4442 | D:4      | Noticed Robin
  4480 | D:4      | Killed Robin
  5007 | D:4      | Reached skill level 1 in Translocations
  5239 | D:4      | Reached skill level 1 in Hexes
  5239 | D:4      | Your scales start taking on a fiery red colour.
  5239 | D:4      | Reached XP level 7. HP: 49/56 MP: 7/11
  5239 | D:4      | Gained mutation: Your flesh is heat resistant. (rF+) [Red
                  | Draconian growth]
  5470 | D:4      | Identified the +4 scale mail of Vayzar {+Blink rF- Str+3}
  5519 | D:4      | Found a shimmering altar of Xom.
  5546 | D:5      | Entered Level 5 of the Dungeon
  5603 | D:5      | Found a sand-covered staircase.
  5608 | Ossuary  | Entered an ossuary
  5858 | Ossuary  | Reached skill level 1 in Fire Magic
  6114 | Ossuary  | Reached skill level 2 in Fire Magic
  6277 | D:5      | Identified the +4 scale mail "Dunargh" {rElec rC- Str+8
                  | Stlth+}
  6302 | D:5      | Found a staircase to the Ecumenical Temple.
  6313 | Temple   | Entered the Ecumenical Temple
  6428 | Temple   | Became a worshipper of Vehumet
  7004 | D:5      | Noticed a wyvern
  7028 | D:5      | Killed a wyvern
  7029 | D:5      | Reached skill level 3 in Fire Magic
  7029 | D:5      | Reached XP level 8. HP: 16/66 MP: 0/13
  8337 | D:6      | Noticed Edmund
  8353 | D:6      | Killed Edmund
  8354 | D:6      | Reached skill level 4 in Fire Magic
  8738 | D:6      | Noticed Grinder
  8750 | D:6      | Killed Grinder
  8811 | D:6      | Reached * piety under Vehumet
  8811 | D:6      | Offered knowledge of Freeze by Vehumet.
  9441 | D:7      | Noticed Duvessa
  9441 | D:7      | Noticed Dowan
  9448 | D:7      | Killed Duvessa
  9508 | D:6      | Reached skill level 5 in Fire Magic
  9588 | D:7      | Killed Dowan
  9589 | D:7      | Reached XP level 9. HP: 70/72 MP: 13/15
 10189 | D:7      | Found an iron altar of Okawaru.
 10293 | D:7      | Found Girches's Book Emporium.
 10403 | D:7      | Reached skill level 5 in Fighting
 10403 | D:7      | Reached skill level 6 in Fire Magic
 10629 | D:7      | Found Rohes's General Store.
 10631 | D:7      | Found Iwoega's Book Emporium.
 10634 | D:7      | Found Kihuo's Book Emporium.
 10635 | D:7      | Found Yduwnoa's Book Emporium.
 10639 | D:7      | Bought a scroll of blinking for 120 gold pieces
 10639 | D:7      | Bought a scroll of identify for 32 gold pieces
 10699 | D:7      | Reached ** piety under Vehumet
 10699 | D:7      | Offered knowledge of Sandblast by Vehumet.
 11132 | D:7      | Noticed a troll
 11148 | D:7      | Killed a troll
 11149 | D:7      | Reached skill level 1 in Evocations
 11361 | D:7      | Found a stormy altar of Qazlal.
 11595 | D:4      | Bought a scroll of teleportation for 33 gold pieces
 11742 | D:8      | Found a staircase to the Lair.
 11788 | D:8      | Reached skill level 5 in Spellcasting
 11903 | D:8      | Noticed a two-headed ogre
 11911 | D:8      | Killed a two-headed ogre
 11912 | D:8      | Reached skill level 5 in Stealth
 11912 | D:8      | Reached skill level 7 in Fire Magic
 11912 | D:8      | Reached XP level 10. HP: 81/81 MP: 9/17
 12559 | D:8      | Noticed a two-headed ogre
 12586 | D:8      | Killed a two-headed ogre
 12587 | D:8      | Reached skill level 5 in Dodging
 12878 | D:8      | Noticed a centaur warrior
 13737 | D:9      | Offered knowledge of Static Discharge by Vehumet.
 14551 | D:9      | Reached skill level 8 in Fire Magic
 14558 | D:9      | Reached *** piety under Vehumet
 14894 | D:9      | Found Gaurph's Weapon Shop.
 15414 | D:4      | Bought a scroll of enchant armour for 82 gold pieces
 15560 | Lair:1   | Entered Level 1 of the Lair of Beasts
 15566 | Lair:1   | Noticed a cane toad
 15619 | D:10     | Entered Level 10 of the Dungeon
 15619 | D:10     | Noticed Urug
 16166 | D:10     | Noticed a gargoyle
 16546 | D:10     | Offered knowledge of Inner Flame by Vehumet.
 16693 | D:10     | Killed a gargoyle
 16853 | D:10     | Noticed a two-headed ogre
 16860 | D:10     | Killed a two-headed ogre
 16861 | D:10     | Reached XP level 11. HP: 91/91 MP: 9/19
 17937 | D:10     | Noticed Psyche
 17956 | D:10     | Killed Psyche
 17957 | D:10     | Reached skill level 9 in Fire Magic
 18053 | D:10     | Found an ornate altar of the Wu Jian Council.
 18210 | D:10     | Noticed a two-headed ogre
 18217 | D:10     | Killed a two-headed ogre
 18435 | D:11     | Noticed a two-headed ogre
 18443 | D:11     | Killed a two-headed ogre
 18597 | D:11     | Noticed a +0 short sword
 18597 | D:11     | Noticed a +0 spear
 18598 | D:11     | Noticed a +0 spear
 18598 | D:11     | Noticed a +0 falchion
 18599 | D:11     | Noticed a +0 falchion
 18599 | D:11     | Noticed a +0 dagger
 18601 | D:11     | Found a hide-covered altar of Uskayaw.
 18601 | D:11     | Noticed a +0 short sword
 18601 | D:11     | Noticed a +0 dagger
 18655 | D:11     | Reached skill level 10 in Conjurations
 19076 | D:11     | You fall into a shaft and drop 3 floors!
 19395 | D:12     | Noticed a deep elf pyromancer
 19469 | D:12     | Killed a deep elf pyromancer
 19597 | D:12     | Reached skill level 10 in Fire Magic
 19875 | D:12     | Found Nytucsat's Jewellery Shop.
 19932 | D:11     | Identified 2 scrolls of acquirement
 19936 | D:11     | Acquired 696 gold pieces
 19940 | D:11     | Acquired the +5 broad axe "Ytallec" {spect, rElec rCorr}
 20036 | D:7      | Bought a wand of flame (10) for 96 gold pieces
 20036 | D:7      | Bought a wand of iceblast (6) for 160 gold pieces
 20036 | D:7      | Bought 2 scrolls of magic mapping for 112 gold pieces
 20036 | D:7      | Bought a scroll of summoning for 152 gold pieces
 20036 | D:7      | Bought a scroll of magic mapping for 56 gold pieces
 20385 | D:12     | Found Muybraewk's Specific Store.
 20387 | D:12     | Found Dorrorish's General Store.
 20403 | D:12     | Bought a potion of invisibility for 88 gold pieces
 20403 | D:12     | Bought a scroll of identify for 22 gold pieces
 20463 | D:12     | Found a staircase to the Orcish Mines.
 20481 | D:12     | Reached skill level 1 in Axes
 21677 | D:8      | Killed a centaur warrior
 21820 | Lair:1   | Noticed a seven-headed hydra
 21823 | Lair:1   | Reached XP level 12. HP: 62/100 MP: 10/22
 22076 | Lair:1   | Killed a seven-headed hydra
 22686 | Lair:1   | Reached skill level 5 in Evocations
 22691 | Lair:1   | Reached **** piety under Vehumet
 22902 | Lair:1   | Reached skill level 11 in Fire Magic
 23260 | Lair:1   | Offered knowledge of Conjure Flame by Vehumet.
 23910 | Lair:2   | Identified the +6 hand axe of Soitsoc {vorpal, rF+ rN+
                  | Dex+2}
 24283 | Lair:2   | Found a staircase to the Shoals.
 24595 | Lair:1   | Reached skill level 5 in Axes
 24915 | Lair:2   | Noticed a catoblepas
 24926 | Lair:2   | Killed a catoblepas
 24955 | Lair:2   | Reached skill level 12 in Fire Magic
 25775 | Lair:3   | Found a transporter.
 25775 | Lair:3   | Found a transporter.
 25806 | Lair:3   | Noticed a catoblepas
 25889 | Lair:3   | Reached XP level 13. HP: 71/108 MP: 20/24
 26366 | Lair:3   | Noticed Feulaj's ghost (journeyman MiBe)
 27516 | Lair:4   | Reached ***** piety under Vehumet
 27517 | Lair:4   | Offered knowledge of Conjure Ball Lightning by Vehumet.
 27999 | Lair:4   | Found a staircase to the Snake Pit.
 28427 | Lair:4   | Noticed Sonja
 28436 | Lair:4   | Killed Sonja
 29302 | Lair:5   | Reached skill level 13 in Fire Magic
 30030 | Lair:6   | Entered Level 6 of the Lair of Beasts
 30051 | Lair:6   | Identified the +8 flail "Zunuipni" {freeze, Fly Will+
                  | Str+4}
 31666 | Lair:6   | Found a staircase to the Slime Pits.
 32513 | Lair:4   | Found a staircase to the Snake Pit.
 33152 | Lair:6   | Reached XP level 14. HP: 108/119 MP: 26/26
 34670 | Lair:6   | Reached skill level 14 in Fire Magic
 35268 | Lair:6   | Slain by a blink frog

Illustrated notes

Levels and vault maps discovered:
D:1:      wander_arrival_lonely_grave, layout_basic, serial_shops, shop_coins
D:2:      layout_basic, serial_shops, shop, ebering_ecumenical_altar_box,
          minmay_gold_behind_fungi
D:3:      layout_basic, nzn_overflow_gifts_of_might_and_magic,
          serial_bayou_pond_e
D:4:      layout_basic, kennysheep_mini, serial_shops, shop, minivault_5,
          due_unseen_surprise, uniq_robin
D:5:      layout_gridville, minmay_temple_entry_drinking_statues,
          enter_ossuary_5
D:6:      layout_loops_ring, uniq_grinder, uniq_edmund
D:7:      layout_rooms, mainiacjoe_overflow_chevrons,
          mainiacjoe_overflow_alcove_2, serial_shops,
          nicolae_shop_temple_entry_statues_fountains, minmay_shop_grid_forest,
          uniq_duvessa
D:8:      layout_loops_cross, lair_entry_dummy, minivault_25, amethyst_killhole,
          roderic_filled_cross
D:9:      layout_roguey [special_room_orc], serial_shops, kennysheep_mini_moat,
          nicolae_benzene_ring, chequers_serial_rivers_micro_b
D:10:     layout_long_grid, nzn_wu_jian_contemplation, minmay_misc_feat_iff,
          uniq_urug, uniq_psyche
D:11:     layout_roguey, nicolae_uskayaw_en_pointe
D:12:     layout_stronghold, orc_0_dummy, serial_shops,
          nicolae_shop_competitors_out_of_business, nicolae_specific_store
D:13:     layout_long_grid
D:14:     layout_rooms, david_vaults_4, nrook_campfire
Temple:   eino_temple_rhombus
Lair:1:   layout_hall_layers, minivault_24
Lair:2:   layout_regular_city, elwin_shoals_entry_rooms
Lair:3:   layout_chaotic_city, nzn_ghost_randoct, grunt_megastairs_3,
          lemuel_fruit_tree, serial_bayou_shore_b
Lair:4:   layout_long_grid, guppyfry_snake_entry_island, beast_lair_carwin_11,
          serial_bayou_shore_b, uniq_sonja
Lair:5:   layout_small_grid, patterned_corridor, grunt_megastairs_5
Lair:6:   minmay_lair_end_frog_pond, layout_cave_pods, slime_dummy, basic_altar,
          serial_bayou_shore_b

Skill      XL: |  1  2  3  4  5  6  7  8  9 10 11 12 13 14 |
---------------+-------------------------------------------+-----
Dodging        | 2 3 4 5 6 |  6.0
Stealth        | 2 3 4 5 6 |  6.0
Fighting       | 1 2 3 4 5 6 7 8 9 |  9.9
Conjurations   | 5 6 7 8 9 10 11 12 | 12.0
Spellcasting   | 3 4 5 6 7 8 |  8.6
Translocations | 1 2 |  2.0
Hexes          | 1 2 |  2.0
Fire Magic     | 3 5 7 8 10 12 13 14 | 14.1
Evocations     | 1 3 4 5 7 |  7.5
Axes           | 2 5 8 |  8.7

Action                   |  1- 3 |  4- 6 |  7- 9 | 10-12 | 13-15 || total
-------------------------+-------+-------+-------+-------+-------++-------
Melee: Unarmed           |    53 |     1 |    44 |    52 |       ||   150
       Tailslap          |     9 |       |     5 |    34 |    35 ||    83
       Punch             |       |       |     1 |     8 |     7 ||    16
       Broad axe         |       |       |       |   140 |   202 ||   342
 Cast: Magic Dart        |    72 |    76 |    56 |    39 |     2 ||   245
       Searing Ray       |     2 |    16 |    75 |    78 |    11 ||   182
       Iskenderun's Myst |       |       |     8 |    71 |    93 ||   172
       Fulminant Prism   |       |       |     3 |     7 |       ||    10
 Abil: Breathe Fire      |       |       |    22 |    27 |     4 ||    53
Evoke: Wand              |       |       |       |     6 |     1 ||     7
  Use: Scroll            |       |     6 |    13 |    10 |     2 ||    31
 Stab: Sleeping          |       |       |     1 |     9 |     5 ||    15
       Distracted        |       |       |       |     3 |     4 ||     7
Armor: Skin              |    18 |    22 |    46 |   135 |   125 ||   346
Dodge: Dodged            |    42 |    41 |   131 |   283 |   178 ||   675
Block: Other             |       |       |    43 |    99 |    66 ||   208
       Reflection        |       |       |     4 |     7 |     2 ||    13
